 Dungeon Crawl Stone Soup version 0.27-a0-1182-gee19b5822f (webtiles) character file.

Game seed: 5525673616150650330

41 Froggeryz the Chopper (level 3, -1/40 HPs)
             Began as a Demonspawn Gladiator on May 18, 2021.
             Slain by a gnoll
             ... wielding a +0 club
              (2 damage)
             ... on level 2 of the Dungeon.
             The game lasted 00:01:13 (1277 turns).

Froggeryz the Chopper (Demonspawn Gladiator)        Turns: 1277, Time: 00:01:14

Health: -1/40      AC: 21    Str: 15    XL:     3   Next: 32%
Magic:  3/3        EV:  2    Int:  9    God:
Gold:   70         SH:  0    Dex: 14    Spells: 2/2 levels left

rFire    + . .     SeeInvis .   a - +0 war axe
rCold    . . .     Faith    .   (no shield)
rNeg     + + +     Spirit   .   (armour currently unavailable)
rPois    +         Reflect  .   (helmet currently unavailable)
rElec    .         Harm     .   (cloak currently unavailable)
rCorr    .         Rampage  .   (gloves currently unavailable)
Will     .....     NoTele   +   (boots currently unavailable)
Stlth    +.........             (no amulet)
HPRegen  0.13/turn              f - ring of protection from fire
MPRegen  0.08/turn              (no ring)

@: tree-form
A: stationary, stasis, torment immunity, boosted hp, (antennae 1), foul stench 1
a: no special abilities


You were on level 2 of the Dungeon.
You were a tree.
You visited 1 branch of the dungeon, and saw 2 of its levels.

You collected 70 gold pieces.

Inventory:

Hand Weapons
 a - a +0 war axe (weapon)
Missiles
 d - 3 throwing nets
 e - 8 poisoned darts (quivered)
Armour
 b - a +0 leather armour (melded)
Jewellery
 f - a ring of protection from fire (left branch)
 i - a ring of resist corrosion
Scrolls
 g - 3 scrolls of identify {unknown}
 h - a scroll of amnesia {unknown}
 j - a scroll of enchant weapon {unknown}


   Skills:
 - Level 2.0 Fighting
 * Level 4.0 Axes
 - Level 1.7 Throwing
 - Level 2.6 Dodging


You had 2 spell levels left.
You didn't know any spells.
Your spell library was empty.

Dungeon Overview and Level Annotations

Branches:
Dungeon (2/15)

Altars:


Innate Abilities, Weirdness & Mutations

You are a tree.
Your roots penetrate the ground, keeping you stationary.
You cannot be teleported.
You are immune to unholy pain and torment.
Your maximum health is greatly increased.
Your equipment is partially melded.
((You have a pair of small antennae on your head.))
You may rarely emit foul miasma when damaged in melee.


Message History

The worm bites you.
You hit the worm but do no damage. The gnoll barely misses you.
The worm barely misses you.
You slash the gnoll!
The gnoll is almost dead.
You barely miss the worm. The gnoll barely misses you.
The gnoll hits you from afar with a +0 halberd!
You completely miss the gnoll.
The gnoll is severely wounded.
You barely miss the worm. The gnoll barely misses you.
The gnoll hits you from afar with a +0 halberd!
* * * LOW HITPOINT WARNING * * *
The worm bites you.
* * * LOW HITPOINT WARNING * * *
You emit a cloud of foul miasma!
You are too injured to fight recklessly!
You are too injured to fight recklessly!
You are too injured to fight recklessly!
You are too injured to fight recklessly!
You are too injured to fight recklessly!
You are too injured to fight recklessly!
You are too injured to fight recklessly!
You are too injured to fight recklessly!
You are too injured to fight recklessly!
Unknown command.
The worm is engulfed in dark miasma.
The worm is poisoned.
The worm seems to slow down.
The worm closely misses you.
Found a ring mail.
The worm is engulfed in dark miasma.
The worm looks even sicker.
The adder hisses angrily.
It was a potion of lignification.
You turn into a tree.
Your +0 leather armour melds into your body.
Your roots penetrate the ground.
You barely miss the gnoll.
The gnoll is severely wounded.
You completely miss the adder.
The gnoll hits you from afar with a +0 halberd.
* * * LOW HITPOINT WARNING * * *
The gnoll hits you with a +0 club.
You die...

###### ##### #
#######....# #...# #..
#....##....#####...#
....#....##.............
.........g..w##........#
......S♣.g...........###
.......g.....#.......#..
.##..........#...###.#.#
.......[................
.##.##.#####.#...#......
#. #. .....###.#.#.# .
#. .....###.#.... # #.
...##..#.#.. #..#.#..


You could see a worm (poisoned, slow), 3 gnolls and an adder.

Vanquished Creatures
  4 dart slugs (D:1)
  5 goblins (D:1)
  2 hobgoblins (D:1)
  2 jackals (D:1)
  A quokka (D:1)
  6 ball pythons
  4 bats
  A frilled lizard (D:1)
  3 kobolds
  3 rats (D:1)
31 creatures vanquished.

Notes
Turn   | Place    | Note
-------+----------+-------------------------------------------
     0 | D:1      | Froggeryz the Demonspawn Gladiator began the quest for the
                  | Orb.
     0 | D:1      | Reached XP level 1. HP: 16/16 MP: 1/1
    37 | D:1      | Reached skill level 3 in Axes
    84 | D:1      | Gained mutation: You may rarely emit foul miasma when
                  | damaged in melee. [demonic ancestry]
    84 | D:1      | Reached XP level 2. HP: 15/22 MP: 2/2
   705 | D:1      | Gained mutation: You have a pair of small antennae on your
                  | head. [demonic ancestry]
   705 | D:1      | Reached XP level 3. HP: 17/27 MP: 3/3
   836 | D:1      | Reached skill level 4 in Axes
  1102 | D:2      | Found a faded altar of an unknown god.
  1277 | D:2      | HP: 1/40 [gnoll/+0 halberd (5)]
  1277 | D:2      | Slain by a gnoll

Illustrated notes

Levels and vault maps discovered:
D:1:      dpeg_arrival_tiny_h, layout_loops_ring, minmay_vboxes
D:2:      layout_basic, hellmonk_ecumenical_altar_run_dry

Skill      XL: |  1  2  3 |
---------------+----------+-----
Axes           | 3 4 |  4.0
Fighting       | |  2.0
Throwing       | |  1.7
Dodging        | |  2.6

Action                   || total
-------------------------++-------
Melee: War axe           ||    79
  Use: Potion            ||     1
Armor: Leather armour    ||    38
Dodge: Dodged            ||    77

Table legend: (Time is in decaauts)
 A = Elapsed time spent in this place.
 B = Non-inter-level travel time spent in this place.
 C = Inter-level travel time spent in this place.
 D = Time resting spent in this place.
 E = Time spent auto-exploring this place.
 F = Levels seen in this place.
 G = Mean time per level.
                   A        B        C        D        E       F      G
               +--------+--------+--------+--------+--------+-----+--------+
         Total |   1301 |   1268 |     33 |      0 |   1050 |   2 |  650.5 |
       Dungeon |   1301 |   1268 |     33 |      0 |   1050 |   2 |  650.5 |
               +--------+--------+--------+--------+--------+-----+--------+

Top non-repeatable levels by time:
     D:1: 1122 daAuts
     D:2: 179 daAuts
